 Dungeon Crawl Stone Soup version 0.21.1-1-g345015fe64 (webtiles) character file.

23 RepoMan the Magician (level 2, -11/19 HPs)
             Began as a Mummy Wizard on Apr 29, 2018.
             Mangled by Sigmund
             ... wielding a +1 scythe of freezing
              (15 damage)
             ... on level 2 of the Dungeon.
             The game lasted 00:05:51 (1201 turns).

RepoMan the Magician (Mummy Wizard)                 Turns: 1201, Time: 00:05:52

Health: -11/19     AC:  2    Str: 10    XL:     2   Next: 75%
Magic:  7/7        EV: 12    Int: 17    God:
Gold:   34         SH:  0    Dex: 10    Spells: 4/9 levels left

rFire    x . .     SeeInvis .   e - +1 short sword
rCold    + . .     Gourm    .   (no shield)
rNeg     + + +     Faith    .   a - +0 robe
rPois    ∞         Spirit   .   b - +0 hat
rElec    .         Reflect  .   (no cloak)
rCorr    .         Harm     .   m - -1 pair of gloves (curse)
MR       .....                  (no boots)
Stlth    +.........             (no amulet)
HPRegen  0.06/turn              (no ring)
MPRegen  0.10/turn              (no ring)

@: confused
A: no food or potions, fire vulnerability, cold resistance 1, negative energy
resistance 3, torment resistance, unbreathing
a: no special abilities


You were on level 2 of the Dungeon.
You were not hungry.

You visited 1 branch of the dungeon, and saw 2 of its levels.

You collected 34 gold pieces.

Inventory:

Hand Weapons
 e - a +1 short sword (weapon)
Missiles
 k - 27 poisoned needles
Armour
 a - a +0 robe (worn)
 b - a +0 hat (worn)
 m - a cursed -1 pair of gloves (worn)
Scrolls
 d - a scroll of enchant weapon
 f - a scroll of magic mapping {unknown}
 g - 2 scrolls of identify {unknown}
 h - a scroll of fog {unknown}
 i - a scroll of remove curse {unknown}
 j - a scroll of teleportation {unknown}
 l - a scroll of fear {unknown}
Books
 c - a book of Minor Magic

   Spells                             Type                      Level
   a - Magic Dart                     Conjuration                  1
   b - Blink                          Translocation                2
   c - Call Imp                       Summoning                    2
   d - Slow                           Hexes                        2
   e - Conjure Flame                  Conjuration/Fire             3
   f - Mephitic Cloud                 Conjuration/Poison/Air       3


   Skills:
 + Level 1.9 Dodging
 - Level 1.5 Stealth
 + Level 4.3 Spellcasting
 * Level 1.6 Conjurations
 - Level 0.7 Summonings
 + Level 0.9 Translocations


You had 4 spell levels left.
You knew the following spells:

 Your Spells              Type           Power        Failure   Level  Hunger
a - Magic Dart            Conj           #...         8%          1    N/A
b - Blink                 Tloc           N/A          16%         2    N/A
i - Call Imp              Summ           #.......     17%         2    N/A

Dungeon Overview and Level Annotations

Branches:
Dungeon (2/15)

Altars:

Annotations:
D:2 Sigmund


Innate Abilities, Weirdness & Mutations

You do not eat or drink.
Your flesh is vulnerable to fire.
You are immune to poison.
Your flesh is cold resistant. (rC+)
You are immune to negative energy. (rN+++)
You are immune to unholy pain and torment.
You can survive without breathing.


Message History

Okay, then.
Unknown command.
Unknown command.
Okay, then.
As you read the scroll labeled APEOZI ORHAM, it crumbles to dust.
It is a scroll of enchant weapon.
Your +0 short sword glows red for a moment.
Sigmund gestures at you while chanting.
You are confused.
You're too confused!
You're too confused to cast spells.
Sigmund zaps a wand.
The puff of flame hits you! The fire burns you terribly!
Ouch! That really hurt!
* * * LOW HITPOINT WARNING * * *
Sigmund barely misses you. Sigmund barely misses you.
You're too confused to move!
Sigmund hits you with a scythe of freezing!
Ouch! That really hurt!
You die...

#.#........#..
#.#...####.#.# #.#...#
#.#.# #.#...# #.#)#
#.#...# #.#.#
#.#..!####.#.#
#.#..........#
#.#.......@###
#.#......@...#
#.#..........#
#............#.#
#.######.....#.# #†#
#.....#.# #.######.....#.#
#.##.........#.#
#............#.#
#....##.##..##.###########


You could see Sigmund.

Vanquished Creatures
  An ooze (D:1)
  3 leopard geckos
  2 ball pythons
  A goblin (D:1)
  A hobgoblin (D:1)
  4 bats
  A frilled lizard (D:2)
  A kobold (D:1)
14 creatures vanquished.

Vanquished Creatures (collateral kills)
  A worm (D:2)
1 creature vanquished.

Grand Total: 15 creatures vanquished

Notes
Turn   | Place    | Note
-------+----------+-------------------------------------------
     0 | D:1      | RepoMan the Mummy Wizard began the quest for the Orb.
     0 | D:1      | Reached XP level 1. HP: 13/13 MP: 5/5
     2 | D:1      | Noticed a naga
     2 | D:1      | Noticed an ogre
     4 | D:1      | Noticed a minotaur
     4 | D:1      | Noticed a vampire
     6 | D:1      | Noticed a centaur
     6 | D:1      | Noticed a spriggan
     8 | D:1      | Noticed a demigod
    10 | D:1      | Noticed a human
    10 | D:1      | Noticed a gargoyle
    12 | D:1      | Noticed a merfolk
    14 | D:1      | Noticed an octopode
    14 | D:1      | Noticed a troll
    16 | D:1      | Noticed a formicid
    16 | D:1      | Noticed a demonspawn
    18 | D:1      | Noticed a tengu
    18 | D:1      | Noticed a halfling
    20 | D:1      | Noticed a ghoul
    22 | D:1      | Noticed a draconian
    22 | D:1      | Noticed a dwarf
    24 | D:1      | Noticed an elf
    26 | D:1      | Noticed a vine stalker
    26 | D:1      | Noticed a felid
    80 | D:1      | Reached skill level 1 in Conjurations
   332 | D:1      | Reached XP level 2. HP: 19/19 MP: 4/7
   364 | D:1      | Learned a level 2 spell: Blink
   367 | D:1      | Learned a level 2 spell: Call Imp
  1191 | D:2      | Noticed Sigmund
  1201 | D:2      | Mangled by Sigmund

Skill      XL: |  1 |
---------------+----+-----
Conjurations   | 1 |  1.6
Dodging        | |  1.9
Stealth        | |  1.5
Spellcasting   | |  4.3
Summonings     | |  0.7
Translocations | |  0.9

Action                   || total
-------------------------++-------
Melee: Short sword       ||     9
 Cast: Magic Dart        ||    40
       Call Imp          ||     1
  Use: Scroll            ||     1
Armor: Robe              ||     1
Dodge: Dodged            ||    14
